 Dungeon Crawl Stone Soup version 0.20.1-1-g8b1a95d (webtiles) character file.

152223 zaRGo the Executioner (level 17, -4/162 HPs)
             Began as a Minotaur Berserker on Nov 19, 2017.
             Was a High Priest of Trog.
             Slain by the 27-headed Lernaean hydra (6 damage)
             ... on level 4 of the Swamp on Nov 21, 2017.
             The game lasted 04:38:12 (39516 turns).

zaRGo the Executioner (Minotaur Berserker)         Turns: 39516, Time: 04:38:13

Health: -4/162     AC: 23    Str: 27    XL:     17   Next: 2%
Magic:  18/18      EV: 11    Int:  9    God:    Trog [*****.]
Gold:   1450       SH:  0    Dex: 16    Spells: 16/16 levels left

rFire    . . .     SeeInvis +   p - +2 eveningstar (flame)
rCold    + . .     Gourm    +   (no shield)
rNeg     . . .     Faith    .   t - +4 chain mail {rC+}
rPois    +         Spirit   .   s - +1 hat of Dice, Bag, and Bottle {rCorr Dex+2}
rElec    .         Reflect  .   W - scarf {cloud immunity}
rCorr    +         Harm     .   x - +1 pair of gloves
MR       +....                  N - +0 pair of boots
Stlth    ..........             A - amulet of the gourmand
Regen    0.4/turn               Y - ring "Logaz" {+Blink +Inv Str+4 Int+3 SInv}
MPRegen  0.2/turn               K - ring of poison resistance

@: no status effects
A: retaliatory headbutt, horns 2
a: Berserk, Trog's Hand, Brothers in Arms, Burn Spellbooks, Renounce Religion,
Evoke Blink, Evoke Invisibility


You were on level 4 of the Swamp.
You worshipped Trog.
Trog was extremely pleased with you.
You were very full.

You visited 5 branches of the dungeon, and saw 26 of its levels.
You also visited: Ice Cave and Volcano.

You collected 1992 gold pieces.
You spent 542 gold pieces at shops.

Inventory:

Hand Weapons
 g - a +1 executioner's axe of chopping
 p - a +2 eveningstar of flaming (weapon)
 Q - the +11 executioner's axe of Obsession {freeze, Str+3}
   (You acquired it on level 3 of the Lair of Beasts)

   It has been specially enchanted to freeze those struck by it, causing extra
   injury to most foes and up to half again as much damage against particularly
   susceptible opponents.
   It can also slow down cold-blooded creatures.
   It affects your strength (+3).
Missiles
 z - 56 tomahawks (quivered)
Armour
 s - the +1 hat of Dice, Bag, and Bottle (worn) {rCorr Dex+2}
   (You acquired it on level 5 of the Lair of Beasts)

   It affects your dexterity (+2).
   It protects you from acid and corrosion.
 t - a +4 chain mail of cold resistance (worn)
 x - a +1 pair of gloves (worn)
 H - a +0 plate armour
 N - a +0 pair of boots (worn)
 W - a scarf of cloud immunity (worn)
Jewellery
 d - an uncursed ring of fire
 e - an uncursed ring of flight
 h - an uncursed ring of positive energy
 A - an amulet of the gourmand (around neck)
 J - a +3 amulet of reflection
 K - a ring of poison resistance (right hand)
 Y - the ring "Logaz" (left hand) {+Blink +Inv Str+4 Int+3 SInv}
   (You found it on level 13 of the Dungeon)

   [ring of see invisible]

   It affects your strength (+4).
   It affects your intelligence (+3).
   It lets you see invisible.
   It lets you turn invisible.
   It lets you blink.
Wands
 q - a wand of acid (5/15)
 D - a wand of confusion (25/48)
 G - a wand of paralysis (20/24)
 I - a wand of lightning (7/15)
 L - a wand of iceblast (1/15)
 M - a wand of confusion (19/48)
 O - a wand of digging (5/24)
 R - a wand of paralysis (7/24)
 X - a wand of flame (43/48)
Scrolls
 a - 2 scrolls of enchant weapon
 f - 4 scrolls of enchant armour
 k - 4 scrolls of fear
 n - 3 scrolls of blinking
 o - 2 scrolls of magic mapping
 r - 4 scrolls of remove curse
 u - a scroll of vulnerability {unknown}
 v - 2 scrolls of teleportation
 y - a scroll of acquirement
 F - 6 scrolls of fog
 V - 2 scrolls of recharging
Potions
 i - 4 potions of might
 j - 5 potions of curing
 l - a potion of invisibility
 w - 4 potions of haste
 B - 4 potions of flight
 C - 2 potions of lignification
 E - a potion of heal wounds
 P - 4 potions of agility
Comestibles
 b - 8 meat rations
 c - 8 bread rations
 m - 49 fruits
 S - a royal jelly


   Skills:
 + Level 17.5 Fighting
 * Level 23.2 Axes
 + Level 17.1 Armour
 - Level 2.6 Dodging
 - Level 2.7 Evocations


You had 16 spell levels left.
You didn't know any spells.

Dungeon Overview and Level Annotations

Branches:
Dungeon (13/15)            Temple (1/1) D:6            Lair (6/6) D:10
  Swamp (4/4) Lair:3       Spider (0/4) Lair:3        Slime (0/5) Lair:6
    Orc (2/2) D:10            Elf (0/3) Orc:2
 Vaults: D:13-14

Altars:
Ashenzari
Cheibriados
Dithmenos
Elyvilon
Fedhas
Gozag
Hepliaklqana
Kikubaaqudgha
Makhleb
Nemelex Xobeh
Okawaru
Qazlal
Ru
Sif Muna
Trog
Uskayaw
Vehumet
Xom
Yredelemnul
Zin
The Shining One
Beogh
Jiyva

Shops:
D:10 !   Orc:2 *[=(

Annotations:
Lair:1 exclusions: oklob plant and 1 more exclusion
Lair:3 exclusion: oklob plant
Lair:4 1 exclusion
Swamp:4 Lernaean hydra


Innate Abilities, Weirdness & Mutations

You reflexively headbutt those who attack you in melee.
You have a pair of horns on your head.


Message History

The seven-headed hydra closely misses you.
The 27-headed Lernaean hydra bites you but does no damage. x6
The 27-headed Lernaean hydra bites you.
* * * LOW HITPOINT WARNING * * *
The 27-headed Lernaean hydra barely misses you.
The 27-headed Lernaean hydra bites you but does no damage.
The 27-headed Lernaean hydra bites you.
* * * LOW HITPOINT WARNING * * *
The 27-headed Lernaean hydra bites you but does no damage.
The 27-headed Lernaean hydra bites you.
* * * LOW HITPOINT WARNING * * *
The 27-headed Lernaean hydra bites you but does no damage. x2
The 27-headed Lernaean hydra misses you.
The 27-headed Lernaean hydra bites you!
* * * LOW HITPOINT WARNING * * *
The 27-headed Lernaean hydra bites you.
* * * LOW HITPOINT WARNING * * *
The 27-headed Lernaean hydra bites you but does no damage.
The 27-headed Lernaean hydra bites you.
You die...

≈≈≈≈≈≈.....≈≈≈≈≈≈
≈≈≈≈≈≈.≈...≈≈≈≈≈≈
≈≈≈≈≈..≈...≈≈≈..≈
≈≈≈≈≈≈≈...≈≈....
♣.≈≈≈≈≈≈≈≈.≈≈≈♣
♣.≈≈≈≈..§≈≈..≈♣♣.
♣.≈≈≈≈≈...♣ ♣♣♣
♣..≈≈≈§≈... ♣≈..
♣≈@≈≈≈≈≈≈≈≈
♣≈..♣♣♣♣DD≈≈≈≈≈≈≈
♣♣♣.≈.≈♣♣D.≈≈≈≈.≈≈
≈≈≈≈.≈.≈≈≈≈#####..
##.....#### ≈
#....≈D...#
#.8≈....(≈#
#≈.P.#..≈.#
'.8..#..8.'


You could see the 27-headed Lernaean hydra, a seven-headed hydra and a
five-headed hydra.

Vanquished Creatures
  Frances (Swamp:1)
  2 thorn hunters (Swamp:3)
  Roxanne (Swamp:2)
  An orc warlord (Orc:2)
  A reaper (IceCv)
  A very ugly thing (Swamp:3)
  A dire elephant (Lair:6)
  18 hydras
  A ghost crab (Swamp:3)
  Erica (D:8)
  3 alligators
  A two-headed ogre (D:7)
  11 death yaks
  The ghost of ogotai the Spear-Bearer, a novice MiBe of Trog (D:6)
  A merfolk avatar (Lair:6)
  3 orc high priests
  Urug (Orc:2)
  Nergalle (Lair:1)
  The ghost of hilaritas the Cleaver, a novice FoFi of the Shining One (D:5)
  A sea snake (Lair:6)
  An unseen horror (D:12)
  2 spriggan druids
  9 swamp dragons
  A harpy (Lair:6)
  10 orc knights
  3 ugly things (D:12)
  A salamander (Volcano)
  8 orc sorcerers
  16 elephants (Lair:6)
  2 manticores
  Joseph (D:8)
  2 ice statues (IceCv)
  4 black mambas
  A gargoyle (D:11)
  A torpor snail (Lair:4)
  26 spiny frogs
  5 rime drakes (Lair:6)
  6 ice devils (IceCv)
  6 komodo dragons
  3 polar bears
  7 trolls
  6 tyrant leeches
  7 hornets
  13 bog bodies
  3 slime creatures (Swamp:3)
  A wind drake (Lair:6)
  19 blink frogs
  7 dream sheep
  13 hippogriffs
  4 spriggans
  5 shadows
  30 yaks
  2 wraiths
  5 wyverns
  3 hungry ghosts
  3 basilisks
  A steam dragon (D:7)
  15 vampire mosquitoes
  30 swamp worms
  Edmund (D:4)
  12 insubstantial wisps (Swamp:2)
  16 water moccasins
  3 wargs (Orc:1)
  Duvessa (D:6)
  10 porcupines
  58 orc warriors
  14 swamp drakes
  11 ice beasts
  A black bear (D:6)
  2 sky beasts
  14 ogres
  A necrophage (D:12)
  11 centaurs
  3 phantoms
  17 crocodiles
  Blork the orc (D:6)
  5 big kobolds
  12 bullfrogs
  2 wyvern zombies (D:12)
  3 scorpions
  A water moccasin skeleton (D:6)
  Dowan (D:6)
  6 killer bees
  9 wights
  An electric eel (Lair:3)
  2 howler monkeys
  4 jellies
  10 crimson imps
  3 centaur zombies
  5 hounds
  A quasit (D:11)
  A bullfrog skeleton (D:12)
  A bullfrog zombie (D:6)
  25 orc wizards
  3 centaur skeletons
  27 orc priests
  6 iguanas
  6 hell rats (Lair:5)
  14 worker ants
  A hound zombie (D:6)
  3 hound skeletons
  A worker ant zombie (D:10)
  A howler monkey skeleton (D:4)
  13 adders
  5 shadow imps (D:7)
  4 white imps (IceCv)
  10 ufetubi (IceCv)
  An ooze (D:7)
  2 adder zombies
  2 adder skeletons (D:4)
  5 worms
  4 dart slugs
  7 leopard geckos
  100 orcs
  5 ball pythons
  4 giant cockroaches
  7 goblins
  8 hobgoblins
  10 jackals
  2 quokkas
  8 bats
  2 frilled lizards
  2 jackal zombies
  18 kobolds
  A quokka skeleton (D:7)
  15 rats
  3 briar patches (Swamp:3)
  6 fungi
  10 plants
918 creatures vanquished.

Vanquished Creatures (collateral kills)
  Saint Roka (Orc:2)
  A death yak (D:11)
  3 orc sorcerers
  3 ice devils (IceCv)
  A slime creature (Swamp:3)
  3 orc warriors (Orc:1)
  5 orc priests
  5 orc wizards
  10 orcs
32 creatures vanquished.

Vanquished Creatures (others)
  A vampire mosquito (Swamp:2)
  2 white imps (IceCv)
  3 ufetubi (IceCv)
  2 briar patches (Swamp:3)
  16 fungi
  18 plants
42 creatures vanquished.

Grand Total: 992 creatures vanquished

Notes
Turn   | Place    | Note
-------+----------+-------------------------------------------
     0 | D:1      | zaRGo the Minotaur Berserker began the quest for the Orb.
     0 | D:1      | Reached XP level 1. HP: 19/19 MP: 0/0
   321 | D:1      | Reached XP level 2. HP: 26/27 MP: 1/1
   570 | D:1      | Reached skill level 4 in Axes
  1248 | D:2      | Reached XP level 3. HP: 33/33 MP: 2/2
  1483 | D:2      | Reached ** piety under Trog
  1798 | D:2      | Reached skill level 5 in Axes
  1879 | D:3      | Reached XP level 4. HP: 40/40 MP: 3/3
  2772 | D:4      | Reached XP level 5. HP: 46/46 MP: 4/4
  3473 | D:4      | Reached skill level 6 in Axes
  3582 | D:4      | Noticed Edmund
  3618 | D:4      | Killed Edmund
  3618 | D:4      | Reached XP level 6. HP: 51/53 MP: 5/5
  3901 | D:5      | Entered Level 5 of the Dungeon
  3988 | D:5      | Noticed hilaritas's ghost (novice FoFi)
  4001 | D:5      | Killed hilaritas's ghost
  4001 | D:5      | Reached skill level 8 in Axes
  4001 | D:5      | Reached skill level 5 in Armour
  4001 | D:5      | Reached XP level 7. HP: 58/63 MP: 6/6
  4009 | D:5      | Reached *** piety under Trog
  4155 | D:5      | Reached XP level 8. HP: 44/70 MP: 7/7
  4309 | D:5      | Reached skill level 9 in Axes
  5378 | D:5      | Reached skill level 10 in Axes
  6109 | D:6      | Noticed ogotai's ghost (novice MiBe)
  6156 | D:6      | Killed ogotai's ghost
  6156 | D:6      | Reached skill level 11 in Axes
  6156 | D:6      | Reached XP level 9. HP: 81/81 MP: 8/8
  6447 | D:6      | Found an iron altar of Okawaru.
  6447 | D:6      | Noticed Duvessa
  6447 | D:6      | Noticed Dowan
  6455 | D:6      | Killed Dowan
  6458 | D:6      | Killed Duvessa
  6779 | D:6      | Found a staircase to the Ecumenical Temple.
  6796 | Temple   | Entered the Ecumenical Temple
  7083 | D:6      | Noticed Blork the orc
  7088 | D:6      | Killed Blork the orc
  7088 | D:6      | Reached skill level 12 in Axes
  7774 | D:7      | Reached **** piety under Trog
  8102 | D:7      | Reached XP level 10. HP: 82/91 MP: 9/9
  8722 | D:7      | Noticed a two-headed ogre
  8747 | D:7      | Killed a two-headed ogre
  8747 | D:7      | Reached skill level 13 in Axes
  8869 | D:7      | Noticed an orc knight
  8890 | D:7      | Killed an orc knight
  8898 | D:7      | Reached skill level 10 in Fighting
  8898 | D:7      | Reached skill level 10 in Armour
 10237 | D:8      | Reached skill level 14 in Axes
 10253 | D:8      | Noticed Joseph
 10261 | D:8      | Killed Joseph
 10267 | D:8      | Got an uncursed bloodstained flail {holy}
 10457 | D:8      | Reached ***** piety under Trog
 10566 | D:8      | Noticed Erica
 10636 | D:8      | Killed Erica
 10636 | D:8      | Reached XP level 11. HP: 101/101 MP: 10/10
 11855 | D:9      | You fall through a shaft for 3 floors!
 12265 | D:11     | Received a gift from Trog
 12265 | D:11     | Reached skill level 15 in Axes
 12821 | D:10     | Entered Level 10 of the Dungeon
 13147 | D:10     | Found a staircase to the Orcish Mines.
 13330 | D:10     | Noticed a death yak
 13331 | D:10     | Found a staircase to the Lair.
 13331 | D:10     | Noticed a death yak
 13332 | D:10     | Noticed a death yak
 13365 | D:10     | Killed a death yak
 13372 | D:10     | Noticed a death yak
 13374 | D:10     | Noticed a death yak
 13460 | D:10     | Noticed a death yak
 13467 | D:11     | Killed a death yak
 13471 | D:11     | Killed a death yak
 13483 | D:11     | Killed a death yak
 13843 | D:10     | Killed a death yak
 13843 | D:10     | Reached skill level 16 in Axes
 14138 | D:9      | Found an opulent altar of Gozag.
 14138 | D:9      | Found a snail-covered altar of Cheibriados.
 14330 | D:8      | Reached XP level 12. HP: 96/111 MP: 11/11
 14412 | D:10     | Found Pel Meipt's Distillery.
 14470 | D:10     | Bought a potion of haste for 140 gold pieces
 14470 | D:10     | Bought a potion of agility for 56 gold pieces
 14470 | D:10     | Bought a potion of heal wounds for 70 gold pieces
 14470 | D:10     | Bought a potion of agility for 56 gold pieces
 14470 | D:10     | Bought a potion of resistance for 140 gold pieces
 16360 | D:12     | Killed a death yak
 16932 | D:12     | Reached skill level 17 in Axes
 17141 | D:13     | Got an ancient tin ring
 17172 | D:12     | Identified the ring "Logaz" {+Blink +Inv Str+4 Int+3 SInv} (You found it on level 13 of the Dungeon)
 17420 | Lair:1   | Entered Level 1 of the Lair of Beasts
 17671 | Lair:1   | Noticed Nergalle
 17692 | Lair:1   | Killed Nergalle
 18036 | Lair:1   | Received a gift from Trog
 18689 | Lair:2   | Found a dark tunnel.
 18694 | Volcano  | Entered a volcano
 18703 | Volcano  | Reached XP level 13. HP: 111/122 MP: 12/12
 20432 | Lair:2   | Reached skill level 1 in Evocations
 21121 | Lair:3   | Reached skill level 18 in Axes
 21193 | Lair:3   | Got a crude turquoise ring
 21765 | Lair:3   | Found a hole to the Spider Nest.
 22338 | Lair:3   | Found a staircase to the Swamp.
 22891 | Lair:3   | Identified a scroll of acquirement
 22894 | Lair:3   | Got an iridescent executioner's axe
 22896 | Lair:3   | Identified the +11 executioner's axe of Obsession {freeze, Str+3} (You acquired it on level 3 of the Lair of Beasts)
 22904 | Lair:3   | Identified the ring of Oxew {Fire *Corrode rElec Dex+8 Stlth+} (You found it on level 3 of the Lair of Beasts)
 24051 | Lair:5   | Reached skill level 19 in Axes
 24051 | Lair:5   | Reached XP level 14. HP: 132/132 MP: 15/15
 24400 | Lair:5   | Received a gift from Trog
 24787 | Lair:6   | Entered Level 6 of the Lair of Beasts
 24791 | Lair:6   | Found a viscous altar of Jiyva.
 24791 | Lair:6   | Found a staircase to the Slime Pits.
 24988 | Lair:6   | Found a frozen archway.
 25007 | IceCv    | Entered an ice cave
 25062 | IceCv    | Reached ****** piety under Trog
 25136 | IceCv    | Received a gift from Trog
 25428 | IceCv    | Noticed a reaper
 25440 | IceCv    | Killed a reaper
 25732 | IceCv    | Got a warped ring mail
 25744 | IceCv    | Identified the cursed +1 ring mail "Epto" {rElec} (You found it in an ice cave)
 26277 | Lair:4   | Reached XP level 15. HP: 139/139 MP: 16/16
 26573 | Lair:6   | Reached skill level 20 in Axes
 26698 | Lair:6   | Reached skill level 15 in Fighting
 26822 | Lair:6   | Reached skill level 15 in Armour
 27291 | Lair:6   | Received a gift from Trog
 27441 | Lair:5   | Got a spiked hat
 27452 | Lair:5   | Identified the +1 hat of Dice, Bag, and Bottle {rCorr Dex+2} (You acquired it on level 5 of the Lair of Beasts)
 28329 | Lair:6   | Found a sparkling altar of Nemelex Xobeh.
 29203 | Orc:1    | Entered Level 1 of the Orcish Mines
 29432 | Lair:1   | Reached skill level 21 in Axes
 30233 | Orc:1    | Received a gift from Trog
 30836 | Orc:2    | Entered Level 2 of the Orcish Mines
 31204 | Orc:2    | Noticed an orc warlord
 31233 | Orc:2    | Killed an orc warlord
 31582 | Orc:2    | Noticed Saint Roka
 31582 | Orc:2    | Paralysed by an orc sorcerer for 7 turns
 32034 | Orc:2    | Received a gift from Trog
 32100 | Orc:1    | Found a roughly hewn altar of Beogh.
 32361 | Orc:2    | Noticed Urug
 32378 | Orc:2    | Killed Urug
 32380 | Orc:2    | Reached XP level 16. HP: 125/151 MP: 17/17
 32385 | Orc:2    | Paralysed by an orc sorcerer for 2 turns
 32400 | Orc:2    | Killed Saint Roka
 32788 | Orc:2    | Found a roughly hewn altar of Beogh.
 32963 | Orc:2    | Found Qusic's Jewellery Shop.
 33211 | Orc:2    | Found a staircase to the Elven Halls.
 33330 | Orc:2    | Found Zezyo's Antique Armour Shop.
 33338 | Orc:2    | Found Qankumm's General Store.
 33346 | Orc:2    | Bought a potion of heal wounds for 80 gold pieces
 33354 | Orc:2    | Found Ozynohad's Antique Weapon Shop.
 34054 | Swamp:1  | Entered Level 1 of the Swamp
 34272 | Swamp:1  | Noticed Frances
 34649 | Swamp:1  | Killed Frances
 34724 | Swamp:1  | Reached skill level 22 in Axes
 35943 | Swamp:2  | Received a gift from Trog
 35974 | Swamp:2  | Noticed Roxanne
 35984 | Swamp:2  | Killed Roxanne
 36477 | Swamp:2  | You fall through a shaft!
 36666 | Swamp:2  | Paralysed by a hornet for 2 turns
 37211 | Swamp:3  | Noticed a thorn hunter
 37621 | Swamp:3  | Killed a thorn hunter
 38204 | Swamp:3  | Noticed a thorn hunter
 38215 | Swamp:3  | Killed a thorn hunter
 38327 | Swamp:4  | Entered Level 4 of the Swamp
 38399 | Swamp:3  | Reached skill level 23 in Axes
 38875 | Swamp:3  | Received a gift from Trog
 39291 | Swamp:4  | Reached XP level 17. HP: 162/162 MP: 18/18
 39312 | Swamp:4  | Received a gift from Trog
 39329 | Swamp:4  | Noticed the 27-headed Lernaean hydra
 39516 | Swamp:4  | HP: 3/162 [the 27-headed Lernaean hydra (9)]
 39516 | Swamp:4  | Slain by the 27-headed Lernaean hydra

Skill      XL: |  1  2  3  4  5  6  7  8  9 10 11 12 13 14 15 16 |
---------------+-------------------------------------------------+-----
Axes           | 4 5 6 8 11 12 14 16 17 19 21 23 | 23.2
Armour         | 3 4 5 6 7 9 10 11 13 14 15 17 | 17.1
Fighting       | 4 6 8 9 10 11 13 14 16 17 | 17.5
Evocations     | 2 |  2.7
Dodging        | |  2.6

Action                   |  1- 3 |  4- 6 |  7- 9 | 10-12 | 13-15 | 16-18 || total
-------------------------+-------+-------+-------+-------+-------+-------++-------
Melee: Hand axe          |   100 |   110 |    39 |       |       |       ||   249
       Headbutt          |    15 |    19 |    48 |   168 |   177 |    88 ||   515
       War axe           |       |       |   196 |   305 |       |       ||   501
       Broad axe         |       |       |       |   375 |   114 |       ||   489
       Executioner's axe |       |       |       |       |   516 |   312 ||   828
       Eveningstar       |       |       |       |       |    19 |    66 ||    85
Throw: Tomahawk          |       |     3 |       |       |     5 |       ||     8
       Javelin           |       |       |       |       |     1 |       ||     1
Invok: Berserk           |     1 |     5 |    12 |    27 |    10 |     4 ||    59
       Trog's Hand       |       |       |     2 |     4 |    11 |     4 ||    21
       Burn Spellbooks   |       |       |       |     2 |     2 |     2 ||     6
       Brothers in Arms  |       |       |       |     1 |     2 |     5 ||     8
 Abil: Evoke Invisibilit |       |       |       |       |     2 |       ||     2
       Evoke Blink       |       |       |       |       |     1 |       ||     1
Evoke: Wand              |       |       |       |       |     7 |     7 ||    14
  Use: Scroll            |       |       |    12 |    15 |    13 |     5 ||    45
       Potion            |       |       |       |     3 |     6 |     5 ||    14
 Stab: Distracted        |       |       |       |       |       |     1 ||     1
  Eat: Chunk             |     4 |     5 |    24 |    76 |    55 |    24 ||   188
       Bread ration      |       |     1 |     1 |       |       |     1 ||     3
       Royal jelly       |       |       |     1 |     1 |       |     1 ||     3
       Meat ration       |       |       |     1 |       |       |       ||     1
       Fruit             |       |       |       |       |     1 |     1 ||     2
Armor: Chain mail        |    35 |    42 |    66 |       |    71 |   328 ||   542
       Leather armour    |     3 |       |       |       |       |       ||     3
       Plate armour      |       |       |    18 |   337 |   358 |       ||   713
Dodge: Dodged            |    44 |    39 |    75 |   206 |   309 |   234 ||   907
